AoeStats
← Adrianv96

QS Arena

503685142Analyzed
4v4 RM · 29d ago on Sep 1, 2026· 40m 50s· 8 players
Game mode
Random Map
Map size
Large (8 player)
Population
200
Speed
Normal
Resources
Standard
Victory
Conquest
Starting age
Dark Age
Ending age
Imperial Age
RankedLock teamsTeams togetherTeam positionsShared explorationLock speedFull tech treeHidden civsTurbo modeCheats
Victory
Defeat
🇫🇷 Britons · France
987
+14
🇫🇷 Franks · France
986
+14
🇸🇪 Franks · Sweden
963
+15
🇨🇿 Britons · Czechia
935
+16
🇷🇴 Saracens · Romania
1008
-51
🇬🇧 Britons · United Kingdom
930
-14
🇲🇽 Persians · Mexico
915
-14
🇨🇴 Bulgarians · Colombia
912
-36
Stinsen_WX
6:25 Loom
8:57 Feudal Age
9:51 Double-Bit Axe
15:35 Castle Age
19:07 Forging
19:46 Bow Saw
20:04 Gold Mining
20:05 Stone Mining
22:01 Loom
25:21 Scale Barding Armor
25:22 Padded Archer Armor
28:18 Imperial Age
26:27 Wheelbarrow
25:39 Town Watch
26:45 Gold Shaft Mining
27:06 Fletching
27:32 Leather Archer Armor
27:22 Husbandry
28:33 Chain Barding Armor
28:15 Bodkin Arrow
29:18 Hand Cart
29:57 Conscription
30:04 #83
30:07 Cavalier
31:30 Squires
31:55 Pikeman
32:20 Arson
34:20 Iron Casting
34:58 Elite Throwing Axeman
kantd3
8:17 Feudal Age
14:41 Castle Age
13:01 Stone Mining
13:23 Double-Bit Axe
15:04 Gold Mining
17:21 Wheelbarrow
16:58 Bow Saw
20:18 Pikeman
20:59 Squires
20:44 Arson
24:38 Hand Cart
27:44 Imperial Age
27:58 #83
27:57 Capped Ram
29:07 Forging
29:02 Scale Mail Armor
30:20 Chemistry
29:20 Halberdier
31:25 Conscription
32:36 Elite Throwing Axeman
37:23 Fortified Wall
37:19 Siege Engineers
38:16 Iron Casting
37:32 Fletching
37:44 Padded Archer Armor
38:00 Chain Mail Armor
37:51 Scale Barding Armor
LogyLeo
7:38 Feudal Age
11:24 Castle Age
10:10 Double-Bit Axe
11:01 Loom
12:06 Loom
13:47 Forging
14:06 Horse Collar
18:03 Bow Saw
18:31 Stone Mining
19:20 Gold Mining
19:33 Heavy Plow
26:33 Imperial Age
24:58 Yeomen
24:31 Fletching
24:42 Padded Archer Armor
25:20 Bodkin Arrow
26:09 Gold Shaft Mining
26:01 Ballistics
26:23 Wheelbarrow
27:14 Leather Archer Armor
27:37 Conscription
27:21 Bracer
28:50 Two-Man Saw
28:52 Ring Archer Armor
29:59 Chemistry
31:10 Elite Longbowman
32:14 Hand Cart
32:55 Warwolf
madness
10:16 Feudal Age
11:29 Double-Bit Axe
13:51 Castle Age
16:32 Horse Collar
28:22 Imperial Age
26:37 Wheelbarrow
25:58 Stone Mining
26:04 Fletching
26:14 Padded Archer Armor
26:25 Padded Archer Armor
26:22 Gold Mining
26:53 Bow Saw
26:51 Loom
27:08 Heavy Plow
27:56 Yeomen
27:41 Bodkin Arrow
28:02 Leather Archer Armor
28:09 Ballistics
28:42 Hand Cart
29:04 Elite Longbowman
29:51 Bracer
30:31 Ring Archer Armor
31:58 Chemistry
31:25 Conscription
31:14 Town Watch
32:32 Two-Man Saw
33:08 Town Patrol
37:24 Spies/Treason
OldFlesty
0:27 Loom
10:06 Feudal Age
11:29 Wheelbarrow
15:44 Castle Age
14:53 Double-Bit Axe
14:53 Horse Collar
16:43 Hand Cart
17:01 Bow Saw
17:46 Heavy Plow
24:33 Town Watch
25:09 Gold Mining
25:12 Stone Mining
25:37 Treadmill Crane
29:20 Imperial Age
28:20 Town Patrol
29:03 Gold Shaft Mining
28:00 Pikeman
30:04 Fletching
30:25 Forging
30:16 Scale Mail Armor
30:19 Squires
30:05 Gambesons
31:17 Elite Longbowman
31:41 Halberdier
32:45 Conscription
32:50 Ballistics
34:06 Two-Man Saw
33:39 Bodkin Arrow
33:45 Padded Archer Armor
34:21 Iron Casting
34:01 Chain Mail Armor
34:21 Yeomen
36:20 Bracer
36:35 Leather Archer Armor
37:21 Blast Furnace
Pendragon
10:04 Feudal Age
18:38 Castle Age
17:25 Arson
17:25 Horse Collar
19:43 Pikeman
20:25 Squires
31:04 Husbandry
30:27 Light Cavalry
Adrianv96
7:17 Loom
10:09 Feudal Age
11:47 Wheelbarrow
10:55 Horse Collar
11:02 Double-Bit Axe
11:40 Town Watch
18:08 Castle Age
17:40 Forging
19:09 Hand Cart
19:02 Heavy Plow
19:47 Bow Saw
20:39 Squires
21:28 Caravan
22:23 Stone Mining
22:24 Gold Mining
28:42 Imperial Age
25:46 Pikeman
29:55 Onager
Crispocivil
4:05 Loom
6:52 Feudal Age
7:12 Double-Bit Axe
9:14 Horse Collar
16:01 Castle Age
14:29 Stone Mining
17:04 Wheelbarrow
16:54 Bow Saw
17:06 Heavy Plow
17:46 Stone Shaft Mining
28:54 Imperial Age
26:33 Gold Mining
27:23 Forging
27:19 Scale Barding Armor
28:45 Iron Casting
28:31 Chain Barding Armor
28:58 Gold Shaft Mining
28:47 Husbandry
29:33 Conscription
29:57 Crop Rotation
30:14 Bloodlines
30:49 Hand Cart
31:28 Kamandaran
32:43 Thumb Ring
31:59 Crossbowman
32:34 Fletching
32:44 Padded Archer Armor
33:44 Blast Furnace
33:20 Plate Barding Armor
32:12 Cavalier
Connection lost

Rejoining the realm…

Still unreachable

The connection could not be restored.

Session expired

The server has moved on; the page needs a fresh start.